 Dungeon Crawl Stone Soup version 0.18.1-5-g4a78601 (webtiles) character file.

51 dorian the Insei (level 3, -2/28 HPs)
             Began as a Draconian Transmuter on May 9, 2016.
             Slain by varam's ghost (4 damage)
             ... on level 3 of the Dungeon.
             The game lasted 00:03:18 (2138 turns).

dorian the Insei (Draconian Transmuter)             Turns: 2138, Time: 00:03:18

Health: -2/28      AC:  6    Str: 12    XL:     3   Next: 57%
Magic:  2/6        EV: 12    Int: 13    God:
Gold:   85         SH:  0    Dex: 12    Spells: 2 memorised, 3 levels left

rFire  . . .     SeeInvis .       - Unarmed
rCold  . . .     Gourm    .     (armour unavailable)
rNeg   . . .     Faith    .     (no shield)
rPois  .         Spirit   .     (helmet restricted)
rElec  .         Dismiss  .     l - +0 cloak
rCorr  .         Reflect  .     (no gloves)
SustAt .         Harm     .     (no boots)
MR     .....                    (no amulet)
Stlth  +.........               (no ring)
                                (no ring)

@: not resistant to hostile enchantments, very unstealthy
A: unfitting armour, cold-blooded, AC +5
a: no special abilities


You were on level 3 of the Dungeon.
You were not hungry.

You visited 1 branch of the dungeon, and saw 3 of its levels.

You collected 85 gold pieces.

Inventory:

Missiles
 a - 23 arrows
Armour
 l - a +0 cloak (worn)
Scrolls
 d - a scroll of amnesia {unknown}
 e - 2 scrolls of teleportation {unknown}
 j - 2 scrolls of enchant armour {unknown}
 m - 3 scrolls of remove curse {unknown}
 o - a scroll of enchant weapon {unknown}
 p - a scroll of fog {unknown}
 s - a scroll of blinking {unknown}
Potions
 f - 3 potions of curing
 g - a potion of mutation {unknown}
 i - a potion of resistance {unknown}
 k - 2 potions of heal wounds {unknown}
 n - a potion of haste {unknown}
 q - a potion of degeneration {unknown}
 r - a potion of flight {unknown}
Books
 b - a book of Changes

   Spells                             Type                      Level
   a - Beastly Appendage              Transmutation                1
   b - Sticks to Snakes               Transmutation                2
   c - Spider Form                    Transmutation/Poison         3
   d - Ice Form                       Ice/Transmutation            4
   e - Blade Hands                    Transmutation                5
Comestibles
 c - 4 bread rations
 h - a chunk of flesh


   Skills:
 - Level 1.1 Fighting
 - Level 1.7 Dodging
 * Level 4.0 Unarmed Combat
 - Level 2.0 Spellcasting
 + Level 2.9 Transmutations


You had 3 spell levels left.
You knew the following spells:

 Your Spells              Type           Power        Failure   Level  Hunger
a - Beastly Appendage     Trmt           #.....       10%         1    ##.....
b - Sticks to Snakes      Trmt           #.......     14%         2    ###....


Dungeon Overview and Level Annotations

Branches:
Dungeon (3/15)

Altars:

Annotations:
D:3 varam's ghost, weakling TrTm


Innate Abilities, Weirdness & Mutations

Your plain brown scales are hard (AC +5).
Your body does not fit into most forms of armour.
You are cold-blooded and may be slowed by cold attacks.


Message History

You closely miss varam's ghost. You claw varam's ghost.
Varam's ghost is lightly damaged.
Varam's ghost hits you.
Your ball python barely misses varam's ghost. x2
You hit varam's ghost but do no damage.
Varam's ghost is lightly damaged.
Your transformation is almost over.
Your ball python completely misses varam's ghost.
Varam's ghost hits you!
Ouch! That really hurt!
* * * LOW HITPOINT WARNING * * *
Your ball python misses varam's ghost.
Something bites varam's ghost but does no damage.
Your ball python bites varam's ghost but does no damage.
Something bites varam's ghost.
Something bites varam's ghost but does no damage.
Your talons disappear.
Your ball python bites varam's ghost but does no damage.
Varam's ghost hits you.
You die...

##...## ♣P≈≈≈≈≈≈P♣≈P♣#......
##.....## ..≈.≈..≈≈..≈≈...#.###
##.......##.≈♣♣♣♣≈≈.♣♣♣P♣..#..##
#...........♣♣ ♣♣≈≈♣♣♣♣♣#.#...#
'.........'. .♣ ♣.♣♣♣..........
#.........# .♣♣♣.♣ ♣####.#...#
#.......# #.♣.≈♣ #......
#.....### #.♣♣.♣ #####.#
##....SS# #@...# #.# #.)###.#
#W#### #.# #..###.#####S# #†# #.
#....S..S.# #.. #. #.#.#######
#.# # .....# #.# .....### #.#
##.... #.. ##.# #..


You could see varam's ghost and 2 friendly ball pythons.

Vanquished Creatures
  An adder (D:3)
  A dart slug (D:2)
  A giant gecko (D:1)
  3 giant cockroaches
  4 goblins
  5 hobgoblins
  3 kobolds
  A quokka (D:2)
  3 ball pythons
  6 bats
  5 giant newts
  3 rats (D:1)
36 creatures vanquished.

Vanquished Creatures (collateral kills)
  A goblin (D:3)
1 creature vanquished.

Grand Total: 37 creatures vanquished

Notes
Turn   | Place    | Note
--------------------------------------------------------------
     0 | D:1      | dorian the Draconian Transmuter began the quest for the Orb.
     0 | D:1      | Reached XP level 1. HP: 16/16 MP: 3/3
   531 | D:1      | Reached XP level 2. HP: 9/23 MP: 3/5
  1617 | D:2      | Reached XP level 3. HP: 28/28 MP: 6/6
  2097 | D:3      | Noticed varam's ghost (weakling TrTm)
  2105 | D:3      | Reached skill level 4 in Unarmed Combat
  2113 | D:3      | Learned a level 2 spell: Sticks to Snakes
  2127 | D:3      | HP: 1/28 [varam's ghost (15)]
  2138 | D:3      | Slain by varam's ghost

Skill      XL: |  1  2  3 |
---------------+----------+-----
Unarmed Combat | 4 |  4.0
Fighting       | |  1.1
Dodging        | |  1.7
Spellcasting   | |  2.0
Transmutations | |  2.9

Action                   || total
-------------------------++-------
Melee: Unarmed           ||   127
       Tailslap          ||    11
       Punch             ||     1
       Kick              ||     3
       Headbutt          ||     1
 Cast: Beastly Appendage ||     8
       Sticks to Snakes  ||     2
  Use: Potion            ||     1
 Stab: Distracted        ||     1
  Eat: Chunk             ||     4
Armor: Skin              ||    24
Dodge: Dodged            ||    86
